 Dungeon Crawl Stone Soup version 0.23.2-40-g277498a001 (webtiles) character file.

Game seed: 2113538865441686022

171825 coldbreeze the Warrior (level 17, -16/163 HPs)
             Began as a White Draconian Gladiator on Aug 19, 2019.
             Was a High Priest of Okawaru.
             Killed by the air
             ... invoked by Jiaxemankuo the Cloud Mage
              (17 damage)
             ... in a wizard's laboratory on Aug 20, 2019.
             The game lasted 03:26:05 (57060 turns).

coldbreeze the Warrior (White Draconian Gladiator) Turns: 57060, Time: 03:26:05

Health: -16/163    AC: 18    Str: 26    XL:     17   Next: 40%
Magic:  0/23       EV: 30    Int: 11    God:    Okawaru [*****.]
Gold:   601        SH:  8    Dex: 18    Spells: 16/18 levels left

rFire    + + .     SeeInvis .   b - +6 eveningstar (venom)
rCold    + + .     Gourm    .   o - +1 buckler {AC+3}
rNeg     + . .     Faith    .   (armour unavailable)
rPois    +         Spirit   +   D - +2 hat {MR+}
rElec    +         Reflect  .   i - +0 cloak
rCorr    +         Harm     .   (no gloves)
MR       +++..                  A - +2 pair of boots {run}
Stlth    ++++......             v - amulet of guardian spirit
HPRegen  0.37/turn              L - ring of positive energy
MPRegen  0.18/turn              C - ring of the Chupacabra {rCorr +Blink rF+ MR+}

@: mighty, agile, resistant, heroism, flying (expiring), quick
A: breathe frost, unfitting armour, cold resistance 1, cold-blooded, AC +9
a: Breathe Frost, Heroism, Finesse, Renounce Religion, Evoke Blink


You were in a wizard's laboratory.
You worshipped Okawaru.
Okawaru was extremely pleased with you.
You were not hungry.

You visited 7 branches of the dungeon, and saw 30 of its levels.
You visited 1 bazaar.
You also visited: Ossuary, Ice Cave, Volcano and Wizlab.

You collected 4279 gold pieces.
You spent 3678 gold pieces at shops.

Inventory:

Hand Weapons
 a - a +3 fustibalus of flaming
 b - a +6 eveningstar of venom (weapon)
 M - the +1 hunting sling of Expedience {freeze, Dex+4}
   (Okawaru gifted it to you on level 2 of the Lair of Beasts)

   It causes projectiles fired from it to freeze those they strike, causing
   extra injury to most foes and up to half again as much damage against
   particularly susceptible opponents.
   They can also slow down cold-blooded creatures.
   It affects your dexterity (+4).
 U - the +8 hunting sling of Valour {velocity, +Fly rPois MR- Stlth+}
   (Okawaru gifted it to you on level 6 of the Lair of Beasts)

   Any stone fired from it inflicts extra damage.
   It protects you from poison.
   It affects your resistance to hostile enchantments.
   It lets you fly.
   It makes you more stealthy.
Missiles
 h - 275 stones
 u - 253 sling bullets
 Q - a throwing net (quivered)
Armour
 i - a +0 cloak (worn)
 o - a +1 buckler of protection (worn)
 s - a scarf of spirit shield
 A - a +2 pair of boots of running (worn)
 D - a +2 hat of magic resistance (worn)
Jewellery
 v - an amulet of guardian spirit (around neck)
 C - the ring of the Chupacabra (right hand) {rCorr +Blink rF+ MR+}
   (You found it on level 8 of the Dungeon)

   [ring of resist corrosion]

   It protects you from fire.
   It affects your resistance to hostile enchantments.
   It lets you blink.
 J - an uncursed amulet of the acrobat
 L - a ring of positive energy (left hand)
Wands
 c - a wand of scattershot (3)
 E - a wand of iceblast (1)
 I - a wand of enslavement (19)
 S - a wand of paralysis (16)
 V - a wand of disintegration (10)
Scrolls
 j - 6 scrolls of remove curse
 l - 3 scrolls of teleportation
 m - a scroll of enchant armour
 p - 6 scrolls of fog
 q - a scroll of summoning
 y - 4 scrolls of amnesia
 B - 2 scrolls of fear
 R - a scroll of holy word
 T - 5 scrolls of identify
 X - a scroll of silence
Potions
 e - 4 potions of lignification
 f - 8 potions of curing
 g - 9 potions of flight
 k - 6 potions of might
 n - 9 potions of agility
 t - a potion of heal wounds
 w - 2 potions of invisibility
 x - 3 potions of cancellation
 z - 13 potions of haste
 F - 2 potions of resistance
 K - 6 potions of berserk rage
 N - 3 potions of brilliance
 O - a potion of mutation
 Y - a potion of magic
Miscellaneous
 r - a lamp of fire
 G - 2 sacks of spiders
 H - 2 boxes of beasts
 P - a phial of floods
Comestibles
 d - 31 rations


   Skills:
 + Level 18.0(23.0) Fighting
 - Level 16.0(21.0) Maces & Flails
 - Level 13.9(19.0) Slings
 - Level 1.7(14.4) Throwing
 + Level 10.8(15.8) Dodging
 - Level 4.0(9.0) Shields
 * Level 1.4 Spellcasting
 - Level 6.0 Invocations
 - Level 8.0 Evocations


You had 16 spell levels left.
You knew the following spells:

 Your Spells              Type           Power        Failure   Level  Hunger
b - Blink                 Tloc           N/A          43%         2    ###....

Your spell library contained the following spells:

 Spells                   Type           Power        Failure   Level  Hunger
 Flame Tongue             Conj/Fire      #....        30%         1    ##.....
 Magic Dart               Conj           #...         30%         1    ##.....
 Summon Small Mammal      Summ           #...         30%         1    ##.....
 Call Imp                 Summ           #.......     43%         2    ###....
 Ensorcelled Hibernation  Hex/Ice        #.....       43%         2    ###....
 Poisonous Vapours        Pois/Air       #.....       43%         2    ###....
 Slow                     Hex            #.......     43%         2    ###....
 Sublimation of Blood     Necr           #.........   43%         2    ###....
 Throw Flame              Conj/Fire      #.....       43%         2    ###....
 Call Canine Familiar     Summ           #.......     67%         3    ####...
 Conjure Flame            Conj/Fire      #.......     67%         3    ####...
 Ignite Poison            Fire/Tmut/Pois #.......     67%         3    ####...
 Inner Flame              Hex/Fire       #.......     67%         3    ####...
 Mephitic Cloud           Conj/Pois/Air  #.......     67%         3    ####...
 Petrify                  Tmut/Erth      #.......     97%         4    #####..
 Sticky Flame             Conj/Fire      #.......     97%         4    #####..
 Alistair's Intoxication  Tmut/Pois      #.......     100%        5    ######.
 Bolt of Magma            Conj/Fire/Erth #.........   100%        5    ######.
 Borgnjor's Vile Clutch   Necr/Erth      #.........   100%        5    ######.
 Fireball                 Conj/Fire      #.........   100%        5    ######.
 Irradiate                Conj/Tmut      #.........   100%        5    ######.
 Iskenderun's Battlesphe  Conj/Chrm      #.......     100%        5    ######.
 Silence                  Hex/Air        #.........   100%        5    ######.
 Venom Bolt               Conj/Pois      #.........   100%        5    ######.
 Darkness                 Hex            #.........   100%        6    #######
 Freezing Cloud           Conj/Ice/Air   #.........   100%        6    #######
 Iron Shot                Conj/Erth      #.........   100%        6    #######
 Shadow Creatures         Summ           N/A          100%        6    #######
 Orb of Destruction       Conj           #.........   100%        7    #######
 Ring of Flames           Chrm/Fire      #.........   100%        7    #######
 Spellforged Servitor     Conj/Summ      #.........   100%        7    #######
 Dragon's Call            Summ           #.........   100%        9    #######


Dungeon Overview and Level Annotations

Branches:
Dungeon (15/15)            Temple (1/1) D:4            Lair (6/6) D:11
 Shoals (0/4) Lair:3       Spider (2/4) Lair:3        Slime (0/5) Lair:5
    Orc (2/2) D:12            Elf (3/3) Orc:2        Vaults (0/5) D:13
 Depths (1/5) D:15

Altars:
Ashenzari
Cheibriados
Dithmenos
Elyvilon
Fedhas
Gozag
Hepliaklqana
Kikubaaqudgha
Makhleb
Nemelex Xobeh
Okawaru
Qazlal
Ru
Sif Muna
Trog
Uskayaw
Vehumet
Wu Jian
Xom
Yredelemnul
Zin
The Shining One

Shops:
D:12 *   Orc:2 !*%%   Elf:1 !   Elf:2 *   Elf:3 ([

Annotations:
D:1 exclusion: downstairs
D:2 exclusion: downstairs
D:5 exclusion: downstairs
Lair:5 1 runed translucent door, exclusion: downstairs, PeSeC's ghost, journeyman MiFi
Elf:1 exclusion: downstairs


Innate Abilities, Weirdness & Mutations

You can breathe waves of freezing cold.
You can buffet flying creatures when you breathe cold.
Your icy white scales are hard. (AC +9)
You cannot fit into any form of body armour.
Your flesh is cold resistant. (rC+)
You are cold-blooded and may be slowed by cold attacks.


Message History

Okawaru accepts your kill.
Your life force feels restored.
You are engulfed in raging winds.
The air elemental misses you. Jiaxemankuo completely misses you.
The air elemental hits you!
Found a glowing quick blade.
You closely miss Jiaxemankuo.
Jiaxemankuo is lightly wounded.
You are engulfed in raging winds.
The winds around the air elemental start to calm down.
Jiaxemankuo waves its arms in wide circles.
The air twists around and violently strikes you in flight!
* * * LOW HITPOINT WARNING * * *
You feel protected.
You are engulfed in raging winds.
* * * LOW HITPOINT WARNING * * *
The air elemental hits you but does no damage.
The air elemental misses you.
Jiaxemankuo waves its arms in wide circles.
The air twists around and violently strikes you in flight!
You die...

####################≈≈≈≈≈≈≈...##≈
################# ###≈≈≈≈≈≈≈..#≈
##§§#..#..#..#§§## #####≈≈≈≈≈≈.##
#§§§§§...§§§§§§§§# ... ##≈≈≈≈≈..#
#.§§§.§..§§§§§§§§#..() #≈≈≈≈≈≈.#
#.....§..§§§§§§§§#..[ ##≈≈≈≈≈..
'......§.§§§§§§§§§..} #≈≈≈≈≈..
#.§§§§...§§§§§§§E# ##≈≈≈≈≈..
#§§§.....§§§§§§@@# #≈≈≈≈≈≈.#
#§§§.§...§§§§§§§§# ##≈≈≈≈≈..#
##§§#§.#..#§§#§§## ###≈≈≈≈≈≈.##
################# ###≈≈≈≈≈≈≈..#≈
####################≈≈≈≈≈≈≈...##≈
≈≈≈≈≈≈≈≈≈≈≈≈≈≈≈≈≈≈≈≈≈≈≈≈≈...###≈≈
..........................###≈≈≈≈
###########################≈≈≈≈≈≈
≈≈≈≈≈≈≈≈≈≈≈≈≈≈≈≈§§§§≈≈≈≈≈≈≈≈≈≈≈≈≈


You could see Jiaxemankuo the Cloud Mage and an air elemental.

Vanquished Creatures
  2 deep elf sorcerers
  2 orc warlords
  2 deep elf demonologists
  2 dire elephants
  5 spark wasps (WizLab)
  An ettin (Orc:1)
  3 blizzard demons
  A fire dragon (Lair:6)
  9 hydras
  A rakshasa (Depths:1)
  A great orb of eyes (Depths:1)
  6 spriggan air magi (WizLab)
  A vault guard (D:13)
  6 ghost crabs (WizLab)
  2 centaur warriors
  2 peacekeepers (Elf:2)
  19 dancing weapons
  2 ogre magi
  14 two-headed ogres
  2 tengu warriors
  4 orc high priests
  A shock serpent (WizLab)
  12 deep elf knights
  An unseen horror (D:11)
  2 skeletal warriors (D:11)
  5 death drakes (WizLab)
  Pikel (D:6)
  A wizard (D:14)
  7 orc knights
  6 lindwurms
  13 deep elf archers
  45 deep elf magi
  An orb spider (Spider:1)
  9 ugly things
  The ghost of Folks the Conjurer, a novice DgCj (D:7)
  3 wolf spiders
  3 orc sorcerers
  6 cyclopes
  2 manticores
  2 toenail golems (Volcano)
  4 centaur zombies
  3 ice statues (IceCv)
  7 black mambas
  5 apocalypse crabs (WizLab)
  3 molten gargoyles (Volcano)
  A gargoyle (D:15)
  6 torpor snails
  9 spiny frogs
  A demonic crawler (Spider:1)
  3 komodo dragons
  2 rime drakes (Lair:3)
  2 efreet (Volcano)
  2 tengu conjurers
  10 ice devils (IceCv)
  A queen bee (shapeshifter) (Elf:2)
  7 trolls
  11 polar bears
  3 wind drakes (WizLab)
  6 jumping spiders (Spider:1)
  A merfolk (D:15)
  3 tyrant leeches (Lair:6)
  4 slime creatures
  A dream sheep (shapeshifter) (D:15)
  11 hornets
  4 raiju (Lair:6)
  4 dream sheep (Lair:6)
  9 hippogriffs
  8 air elementals
  5 redbacks (Spider:1)
  4 dire elephant simulacra (IceCv)
  2 wraiths
  2 wyverns
  12 yaks
  10 fire elementals
  2 steam dragons (D:9)
  A hungry ghost (D:8)
  A hog (shapeshifter) (D:15)
  8 vampire mosquitoes
  Menkaure (D:4)
  6 wargs
  An iron troll simulacrum (IceCv)
  13 hell hounds (Lair:6)
  2 harpy simulacra (IceCv)
  3 hydra simulacra (IceCv)
  12 water moccasins
  39 orc warriors
  8 porcupines
  15 black bears
  3 ice beasts
  2 eyes of draining
  A phantom (D:9)
  19 wolves
  A boggart (shapeshifter) (Elf:1)
  A sky beast (D:13)
  19 ogres
  10 crocodiles
  15 centaurs
  2 big kobolds
  3 earth elementals
  A gnoll sergeant (D:12)
  20 bullfrogs
  A wyvern zombie (D:9)
  7 scorpions
  9 killer bees
  A howler monkey (D:3)
  An electric eel (Lair:1)
  9 crimson imps
  8 jellies
  35 orc priests
  5 hounds
  37 orc wizards
  2 bullfrog skeletons
  2 centaur skeletons
  Jessica (D:3)
  Natasha (thrice) (D:4)
  5 iguanas
  11 worker ants
  A hound zombie (D:6)
  2 hound skeletons
  8 mummies (Ossuary)
  Robin (D:2)
  A worker ant zombie (D:9)
  9 gnolls
  22 adders
  3 shadow imps
  An ooze (D:4)
  3 adder zombies
  2 adder skeletons
  6 worms
  2 dart slugs
  4 leopard geckos
  117 orcs
  4 bats
  8 giant cockroaches
  8 goblins (D:2)
  10 hobgoblins
  6 jackals
  17 kobolds
  7 quokkas
  A ball python zombie (D:5)
  7 frilled lizards
  A gnoll zombie (Ossuary)
  2 hobgoblin zombies (Ossuary)
  A jackal skeleton (D:4)
  4 kobold zombies (Ossuary)
  2 leopard gecko skeletons
  2 leopard gecko zombies
  An orc zombie (Ossuary)
  A quokka zombie (D:8)
  2 rats (D:1)
  2 fire vortices (Volcano)
  A fungus (Lair:3)
  2 plants (Lair:6)
991 creatures vanquished.

Vanquished Creatures (collateral kills)
  2 dancing weapons (Elf:2)
2 creatures vanquished.

Vanquished Creatures (others)
  A shock serpent (WizLab)
  A deep elf knight (Elf:1)
  A black mamba (Lair:6)
  A demonic crawler (Spider:1)
  An air elemental (WizLab)
  A water elemental (Elf:1)
  A sky beast (D:9)
  2 slaves (D:7)
  A bullfrog skeleton (D:7)
  2 gnolls (D:7)
  7 fungi
  20 plants (Lair:6)
39 creatures vanquished.

Grand Total: 1032 creatures vanquished

Notes
Turn   | Place    | Note
-------+----------+-------------------------------------------
     0 | D:1      | coldbreeze the Draconian Gladiator began the quest for the
                  | Orb.
     0 | D:1      | Reached XP level 1. HP: 17/17 MP: 1/1
   122 | D:1      | Reached XP level 2. HP: 25/25 MP: 2/2
   490 | D:1      | Reached skill level 3 in Fighting
   932 | D:1      | Reached XP level 3. HP: 31/31 MP: 3/3
  1342 | D:2      | Noticed Robin
  1389 | D:2      | Killed Robin
  1389 | D:2      | Reached XP level 4. HP: 28/40 MP: 4/4
  1889 | D:2      | Reached skill level 4 in Fighting
  2555 | D:3      | Found a glowing silver altar of Zin.
  3328 | D:2      | Reached skill level 1 in Slings
  3328 | D:2      | Reached XP level 5. HP: 46/46 MP: 5/5
  4098 | D:3      | Noticed Jessica
  4105 | D:3      | Killed Jessica
  4129 | D:3      | Found a faded altar of an unknown god.
  4277 | D:4      | Noticed an ogre
  4316 | D:4      | Noticed Menkaure
  4334 | D:4      | Killed Menkaure
  4334 | D:4      | Reached XP level 6. HP: 55/55 MP: 6/6
  4360 | D:4      | Found a staircase to the Ecumenical Temple.
  4363 | D:4      | Noticed Natasha
  4372 | D:4      | Killed Natasha
  4386 | D:4      | Found a sand-covered staircase.
  4394 | Ossuary  | Entered an ossuary
  4496 | Ossuary  | Reached skill level 5 in Maces & Flails
  4552 | Ossuary  | Reached skill level 5 in Fighting
  5034 | D:4      | Noticed Natasha
  5055 | D:4      | Killed Natasha
  5055 | D:4      | Your scales start taking on an icy white colour.
  5055 | D:4      | Reached XP level 7. HP: 61/61 MP: 7/7
  5055 | D:4      | Gained mutation: Your flesh is cold resistant. (rC+) [White
                  | Draconian growth]
  5078 | Temple   | Entered the Ecumenical Temple
  5335 | Temple   | Became a worshipper of Warmaster Okawaru
  5792 | D:4      | Noticed Natasha
  5805 | D:4      | Killed Natasha
  6079 | D:4      | Found a shattered altar of Ashenzari.
  6120 | D:5      | Entered Level 5 of the Dungeon
  6415 | D:5      | Reached * piety under Okawaru
  6591 | D:5      | Reached skill level 5 in Slings
  6603 | D:5      | Reached skill level 6 in Fighting
  6603 | D:5      | Reached XP level 8. HP: 68/70 MP: 8/8
  8019 | D:6      | Reached ** piety under Okawaru
  8252 | D:6      | Reached skill level 7 in Fighting
  8442 | D:7      | Found a runed translucent door.
  8455 | D:7      | Noticed Folks's ghost (novice DgCj)
  8522 | D:7      | Noticed Pikel
  8573 | D:6      | Killed Pikel
  8573 | D:6      | Reached *** piety under Okawaru
  8573 | D:6      | Reached XP level 9. HP: 27/79 MP: 2/9
  8929 | D:7      | Received a gift from Okawaru
  9333 | D:7      | Found a snail-covered altar of Cheibriados.
  9610 | D:7      | Reached skill level 8 in Fighting
 10050 | D:8      | Got a twitching steel ring
 10051 | D:8      | Identified the ring of the Chupacabra {rCorr +Blink rF+
                  | MR+} (You found it on level 8 of the Dungeon)
 10113 | D:8      | Noticed a two-headed ogre
 10139 | D:8      | Killed a two-headed ogre
 10274 | D:8      | Reached XP level 10. HP: 87/90 MP: 10/10
 10342 | D:8      | Noticed a two-headed ogre
 11115 | D:7      | Reached **** piety under Okawaru
 11241 | D:8      | Killed a two-headed ogre
 11241 | D:8      | Received a gift from Okawaru
 11241 | D:8      | Reached skill level 9 in Fighting
 11702 | D:9      | Found Xoahapudi's Antique Weapon Emporium.
 12368 | D:9      | Identified a scroll of acquirement
 12463 | D:8      | Reached skill level 10 in Slings
 12759 | D:9      | Received a gift from Okawaru
 13222 | D:10     | Entered Level 10 of the Dungeon
 13373 | D:10     | Noticed a two-headed ogre
 13383 | D:10     | Killed a two-headed ogre
 13383 | D:10     | Received a gift from Okawaru
 13413 | D:10     | Reached XP level 11. HP: 87/99 MP: 11/11
 13482 | D:10     | Reached ***** piety under Okawaru
 13498 | D:10     | Reached skill level 10 in Fighting
 14225 | D:11     | Noticed a skeletal warrior
 14242 | D:11     | Noticed a skeletal warrior
 14245 | D:11     | Noticed a skeletal warrior
 14247 | D:11     | Noticed a skeletal warrior
 14546 | D:7      | Killed Folks's ghost
 14546 | D:7      | Received a gift from Okawaru
 14546 | D:7      | Reached skill level 1 in Invocations
 14675 | D:11     | Killed an unseen horror
 14944 | D:11     | Found a staircase to the Lair.
 15085 | D:11     | Noticed a green ugly thing
 15094 | D:11     | Killed a green ugly thing
 15094 | D:11     | Received a gift from Okawaru
 15149 | Lair:1   | Entered Level 1 of the Lair of Beasts
 15663 | Lair:1   | Noticed a seven-headed hydra
 15816 | Lair:1   | Killed a seven-headed hydra
 15816 | Lair:1   | Reached skill level 10 in Maces & Flails
 15923 | Lair:1   | Received a gift from Okawaru
 17280 | Lair:2   | Received a gift from Okawaru
 17283 | Lair:2   | Got a transparent hunting sling {god gift}
 17284 | Lair:2   | Identified the +1 hunting sling of Expedience {freeze,
                  | Dex+4} (Okawaru gifted it to you on level 2 of the Lair of
                  | Beasts)
 18096 | Lair:2   | Noticed a six-headed hydra
 18115 | Lair:2   | Killed a six-headed hydra
 18539 | Lair:3   | Reached XP level 12. HP: 108/108 MP: 15/15
 18634 | Lair:3   | Found a stormy altar of Qazlal.
 18643 | Lair:3   | Reached skill level 11 in Fighting
 18876 | Lair:3   | Found a hole to the Spider Nest.
 18890 | Lair:3   | Paralysed by a hornet for 3 turns
 19184 | Lair:3   | Reached skill level 5 in Invocations
 19379 | Lair:3   | Found a staircase to the Shoals.
 20031 | Lair:4   | Received a gift from Okawaru
 20215 | Lair:4   | Noticed a five-headed hydra
 20226 | Lair:4   | Killed a five-headed hydra
 20226 | Lair:4   | Received a gift from Okawaru
 20953 | Lair:5   | Found a runed translucent door.
 20956 | Lair:5   | Noticed PeSeC's ghost (journeyman MiFi)
 20992 | Lair:5   | Reached skill level 1 in Evocations
 20997 | Lair:5   | Found a staircase to the Slime Pits.
 21208 | Lair:5   | Reached skill level 12 in Fighting
 21268 | Lair:5   | Noticed a four-headed hydra
 21287 | Lair:5   | Killed a four-headed hydra
 21287 | Lair:5   | Received a gift from Okawaru
 21969 | Lair:6   | Entered Level 6 of the Lair of Beasts
 21984 | Lair:6   | Noticed a seven-headed hydra
 21996 | Lair:6   | Killed a seven-headed hydra
 21996 | Lair:6   | Received a gift from Okawaru
 22201 | Lair:6   | Received a gift from Okawaru
 22261 | Lair:6   | Noticed an eight-headed hydra
 22266 | Lair:6   | Noticed a four-headed hydra
 22271 | Lair:6   | Killed an eight-headed hydra
 22271 | Lair:6   | Reached XP level 13. HP: 119/119 MP: 17/17
 22326 | Lair:6   | Received a gift from Okawaru
 22495 | Lair:6   | Noticed a dire elephant
 23043 | Lair:6   | Killed a dire elephant
 23043 | Lair:6   | Received a gift from Okawaru
 23046 | Lair:6   | Got a faintly glowing fustibalus {god gift}
 23047 | Lair:6   | Identified the +6 fustibalus "Wueddioz" {venom, -Tele rPois
                  | rN+++} (Okawaru gifted it to you on level 6 of the Lair of
                  | Beasts)
 23289 | Lair:6   | Found a runed translucent door.
 23290 | Lair:6   | Noticed a fire dragon
 23500 | Lair:6   | Paralysed by a hornet for 2 turns
 23511 | Lair:6   | Reached skill level 5 in Evocations
 23586 | Lair:6   | Paralysed by a hornet for 1 turns
 23595 | Lair:6   | Paralysed by a hornet for 3 turns
 24062 | Lair:6   | Reached skill level 13 in Fighting
 24768 | Lair:6   | Received a gift from Okawaru
 25488 | Lair:6   | Received a gift from Okawaru
 25509 | Lair:6   | Got a jewelled hunting sling {god gift}
 25583 | Lair:6   | Identified the +8 hunting sling of Valour {velocity, +Fly
                  | rPois MR- Stlth+} (Okawaru gifted it to you on level 6 of
                  | the Lair of Beasts)
 27342 | Lair:6   | Killed a fire dragon
 27790 | D:11     | Received a gift from Okawaru
 28109 | D:12     | Reached XP level 14. HP: 129/129 MP: 18/18
 28568 | D:12     | Found a staircase to the Orcish Mines.
 28662 | D:12     | Found Ydwon's General Store.
 28670 | D:12     | Bought a potion of curing for 33 gold pieces
 28976 | D:13     | Received a gift from Okawaru
 29007 | D:13     | Reached ****** piety under Okawaru
 29872 | D:13     | Reached skill level 5 in Dodging
 30519 | D:13     | Found a gate to the Vaults.
 30586 | Orc:1    | Entered Level 1 of the Orcish Mines
 31047 | Orc:1    | Found a dark tunnel.
 31080 | Volcano  | Entered a volcano
 31163 | Volcano  | Reached skill level 14 in Fighting
 31975 | Orc:2    | Entered Level 2 of the Orcish Mines
 33777 | Orc:2    | Received a gift from Okawaru
 34436 | Orc:2    | Received a gift from Okawaru
 34461 | Orc:2    | Noticed an orc warlord
 34798 | Orc:2    | Found a staircase to the Elven Halls.
 34918 | Orc:2    | Received a gift from Okawaru
 35583 | Orc:2    | Killed an orc warlord
 35583 | Orc:2    | Received a gift from Okawaru
 36346 | Orc:2    | Found Ytuczu's Assorted Antiques.
 36346 | Orc:2    | Found Jiotiedd's Food Shoppe.
 36347 | Orc:2    | Found Tikuaj's Food Shoppe.
 36350 | Orc:2    | Found Juebbair's Distillery.
 36353 | Orc:2    | Bought a scroll of identify for 50 gold pieces
 36353 | Orc:2    | Bought a scroll labeled GOLUN ODGHA for 25 gold pieces
 36353 | Orc:2    | Bought a bubbling yellow potion for 22 gold pieces
 36754 | Orc:2    | Noticed an orc warlord
 36758 | Orc:2    | Identified the cursed +1 leather armour "Qikkot" {rElec
                  | rPois Dex+4 Slay+3}
 36894 | Orc:1    | Killed an orc warlord
 37535 | Orc:2    | Bought a scroll of enchant weapon for 187 gold pieces
 37535 | Orc:2    | Bought a potion of agility for 100 gold pieces
 37535 | Orc:2    | Bought 2 potions of curing for 150 gold pieces
 37693 | D:14     | Reached XP level 15. HP: 137/139 MP: 17/19
 38070 | D:14     | Reached skill level 15 in Fighting
 39024 | D:15     | Entered Level 15 of the Dungeon
 40731 | D:15     | Found a staircase to the Depths.
 41116 | Spider:1 | Entered Level 1 of the Spider Nest
 41266 | Spider:1 | Found a frozen archway.
 41317 | IceCv    | Entered an ice cave
 41735 | IceCv    | Received a gift from Okawaru
 42427 | IceCv    | Received a gift from Okawaru
 44158 | Elf:1    | Entered Level 1 of the Elven Halls
 44211 | Elf:1    | Reached skill level 1 in Shields
 44532 | Elf:1    | Received a gift from Okawaru
 44964 | Elf:1    | Noticed a deep elf sorcerer
 45220 | Depths:1 | Entered Level 1 of the Depths
 45377 | D:15     | Received a gift from Okawaru
 45822 | D:15     | Received a gift from Okawaru
 45843 | Depths:1 | Paralysed by a great orb of eyes for 7 turns
 45853 | Depths:1 | Reached XP level 16. HP: 115/151 MP: 15/22
 46036 | D:15     | Reached skill level 16 in Fighting
 46036 | D:15     | Reached skill level 15 in Maces & Flails
 47162 | Elf:1    | Received a gift from Okawaru
 47224 | Elf:1    | Noticed a Brimstone Fiend
 47374 | Elf:1    | Identified the Reference Book on Calling
 47379 | Elf:1    | Learned a level 2 spell: Blink
 47685 | Elf:1    | Found Toph's Distillery.
 47794 | Elf:1    | Identified the cursed +0 pair of boots of Puyt {+Blink}
                  | (You found it on level 1 of the Elven Halls)
 47926 | Elf:1    | Received a gift from Okawaru
 48553 | Elf:2    | Found a ruined gateway.
 49074 | Elf:2    | Found Qihaoclaewa's General Store.
 49089 | Elf:2    | Bought a scroll of identify for 30 gold pieces
 49089 | Elf:2    | Bought a potion of haste for 150 gold pieces
 49089 | Elf:2    | Bought a scroll of fear for 52 gold pieces
 49122 | Elf:1    | Bought a potion of heal wounds for 90 gold pieces
 49122 | Elf:1    | Bought a potion of berserk rage for 90 gold pieces
 49122 | Elf:1    | Bought a potion of curing for 54 gold pieces
 49122 | Elf:1    | Bought a potion of berserk rage for 90 gold pieces
 49209 | Orc:2    | Bought a potion of haste for 170 gold pieces
 49209 | Orc:2    | Bought a potion of curing for 51 gold pieces
 49209 | Orc:2    | Bought a potion of agility for 68 gold pieces
 49209 | Orc:2    | Bought a potion of haste for 170 gold pieces
 49209 | Orc:2    | Bought a potion of haste for 170 gold pieces
 49209 | Orc:2    | Bought a potion of haste for 170 gold pieces
 49209 | Orc:2    | Bought a potion of might for 68 gold pieces
 49209 | Orc:2    | Bought 2 potions of curing for 102 gold pieces
 49647 | Elf:2    | Received a gift from Okawaru
 50464 | Elf:2    | Found a runed translucent gate.
 50464 | Elf:2    | Found a runed translucent gate.
 50466 | Elf:2    | Found a runed translucent gate.
 50556 | Elf:2    | Received a gift from Okawaru
 51027 | Elf:2    | Identified a +1 pair of boots of running (Okawaru gifted it
                  | to you on level 2 of the Elven Halls)
 52202 | Elf:2    | Reached skill level 17 in Fighting
 53046 | Elf:3    | Entered Level 3 of the Elven Halls
 53075 | Elf:3    | Found Gyotury's Antique Weapon Boutique.
 53220 | Elf:3    | Reached XP level 17. HP: 94/161 MP: 18/23
 53276 | Elf:3    | Found Nufe Uqe's Antique Armour Shoppe.
 53348 | Elf:3    | Reached skill level 10 in Dodging
 53387 | Elf:3    | Found a flickering gateway to a bazaar.
 53392 | Bazaar   | Entered a bazaar
 53395 | Bazaar   | Found Ruaschyqe's Antique Weapon Boutique.
 53399 | Bazaar   | Found Olinidgh's Gadget Boutique.
 53399 | Bazaar   | Found Lesaxein's Distillery.
 53399 | Bazaar   | Found Jootoecs's Weapon Boutique.
 53413 | Bazaar   | Bought a potion of curing for 39 gold pieces
 53413 | Bazaar   | Bought a potion of might for 52 gold pieces
 53413 | Bazaar   | Bought a potion of curing for 39 gold pieces
 53413 | Bazaar   | Bought a potion of heal wounds for 65 gold pieces
 53413 | Bazaar   | Bought a potion of curing for 39 gold pieces
 53413 | Bazaar   | Bought a potion of curing for 39 gold pieces
 53433 | Bazaar   | Bought a sack of spiders for 260 gold pieces
 53433 | Bazaar   | Bought a box of beasts for 260 gold pieces
 53433 | Bazaar   | Bought a box of beasts for 260 gold pieces
 53433 | Bazaar   | Bought a sack of spiders for 260 gold pieces
 53438 | Bazaar   | Bought a potion of berserk rage for 65 gold pieces
 53438 | Bazaar   | Bought 2 potions of invisibility for 208 gold pieces
 53527 | Elf:3    | Found a magical portal.
 53537 | WizLab   | Entered The Chambers of the Cloud Mage
 53790 | WizLab   | Received a gift from Okawaru
 54333 | WizLab   | Received a gift from Okawaru
 56584 | WizLab   | Reached skill level 18 in Fighting
 56657 | WizLab   | Reached skill level 1 in Spellcasting
 57051 | WizLab   | Identified the ring "Zyinaxtiuz" {+Fly rC+ Dex+2}
 57051 | WizLab   | Noticed Jiaxemankuo
 57060 | WizLab   | HP: 1/163 [Jiaxemankuo the Cloud Mage/tornado (19)]
 57060 | WizLab   | Killed from afar by Jiaxemankuo the Cloud Mage

Skill      XL: |  1  2  3  4  5  6  7  8  9 10 11 12 13 14 15 16 17 |
---------------+----------------------------------------------------+-----
Fighting       | 3 4 5 6 7 8 9 10 12 13 14 15 17 18 | 18.0
Maces & Flails | 4 5 7 8 9 10 11 12 14 16 | 16.0
Slings         | 1 2 3 5 7 8 10 11 12 13 | 13.9
Invocations    | 4 6 |  6.0
Evocations     | 3 6 8 |  8.0
Dodging        | 4 5 7 9 10 | 10.8
Shields        | 4 |  4.0
Spellcasting   | 1 |  1.4
Throwing       | |  1.7

Action                   |  1- 3 |  4- 6 |  7- 9 | 10-12 | 13-15 | 16-18 || total
-------------------------+-------+-------+-------+-------+-------+-------++-------
Melee: Flail             |   119 |   163 |   291 |   117 |       |       ||   690
       Tailslap          |    10 |    16 |    40 |    81 |    13 |    78 ||   238
       Morningstar       |       |       |       |   404 |    24 |       ||   428
       Great mace        |       |       |       |       |    20 |       ||    20
       Eveningstar       |       |       |       |       |       |   509 ||   509
       Fustibalus        |       |       |       |       |       |     1 ||     1
 Fire: Hunting sling     |       |   147 |   247 |   654 |   984 |       ||  2032
       Fustibalus        |       |       |       |       |  1570 |   349 ||  1919
Throw: Throwing net      |       |     2 |     2 |       |       |       ||     4
       Stone             |       |       |       |       |     6 |       ||     6
Invok: Heroism           |       |       |     2 |     8 |     3 |     4 ||    17
       Finesse           |       |       |       |     3 |     9 |     2 ||    14
 Abil: Breathe Frost     |       |       |    11 |     8 |    28 |     4 ||    51
       Evoke Blink       |       |       |       |     6 |    42 |    17 ||    65
Evoke: Wand              |       |       |       |       |     2 |     5 ||     7
  Use: Scroll            |       |    13 |     4 |    15 |    19 |    17 ||    68
       Potion            |       |     1 |     1 |     6 |     3 |    24 ||    35
 Stab: Sleeping          |     1 |       |     3 |     1 |       |       ||     5
       Held in net/web   |       |     1 |     2 |       |       |       ||     3
       Distracted        |       |       |     1 |       |       |       ||     1
       Invisible         |       |       |       |       |       |     3 ||     3
  Eat: Chunk             |     1 |     8 |    14 |    23 |    28 |     8 ||    82
       Ration            |       |     1 |     2 |     7 |    14 |     9 ||    33
Armor: Skin              |    27 |    34 |    96 |   290 |   311 |   218 ||   976
Dodge: Dodged            |    83 |    92 |   201 |   461 |   697 |   394 ||  1928
Block: Buckler           |       |       |       |       |    25 |   158 ||   183
